 Dungeon Crawl Stone Soup version 0.31-a0-844-gdc52ec4e09 (webtiles) character file.

Game seed: 1859124408563682309

1 Bravepunisher the Ducker (level 1, 0/11 HPs)
             Began as a Spriggan Monk on Sept 29, 2023.
             Slain by an orc
             ... wielding a +0 hand axe
              (5 damage)
             ... on level 3 of the Dungeon.
             The game lasted 00:00:33 (118 turns).

Bravepunisher the Ducker (Spriggan Monk)             Turns: 118, Time: 00:00:34

Health: 0/11       AC:  2    Str:  7    XL:     1   Next: 16%
Magic:  2/2        EV: 18    Int: 11    God:
Gold:   0          SH:  0    Dex: 17    Spells: 0/0 levels left

rFire   . . .        a - +0 short sword
rCold   . . .        (no shield)
rNeg    . . .        b - +0 robe
rPois   .            (helmet restricted)
rElec   .            (no cloak)
rCorr   .            (gloves unavailable)
SInv    +            (boots unavailable)
Will    .....        (no amulet)
Stlth   ++           (no ring)
HPRegen 0.21/turn    (no ring)
MPRegen 0.08/turn

%: no passive effects
@: very quick
A: very small, no large weapons, unfitting armour, see invisible, speed 3
a: no special abilities


You were on level 3 of the Dungeon.
You visited 1 branch of the dungeon, and saw 3 of its levels.

Inventory:

Hand Weapons
 a - a +0 short sword (weapon)
Armour
 b - a +0 robe (worn)
Scrolls
 d - a scroll of identify {unknown}
Potions
 c - a potion of ambrosia


   Skills:
 * Level 2.4 Fighting
 - Level 3.2 Short Blades
 + Level 4.0 Dodging


You couldn't memorise any spells.
You didn't know any spells.
Your spell library was empty.

Dungeon Overview and Level Annotations

Branches:
Dungeon (3/15)

Altars:

Annotations:
D:3 Ijyb


Innate Abilities, Weirdness & Mutations

You are very small and have problems with some larger weapons.
You are too small for most types of armour.
You have supernaturally acute eyesight. (SInv)
You cover ground extremely quickly. (Speed+++)


Message History

The quokka closely misses you.
You climb downwards.
The gnoll shouts!
You hear a shout!
The orc shouts!
Found a spear and a scroll labelled AHIYC NUEMA.
There is a stone staircase leading up here.
A giant cockroach comes into view.
The gnoll shouts!
The quokka bites you.
An orc comes into view.
It is wielding a +2 falchion of flaming.
The orc shouts!
Found a fuming black potion.
Found a silvery potion and 2 stones.
The quokka attacks as it pursues you! The quokka misses you.
The quokka attacks as it pursues you! The quokka completely misses you.
You see here a silvery potion.
Found a stone staircase leading up.
Found an escape hatch in the ceiling.
An orc comes into view. It is wielding a +0 hand axe.
The orc shouts!
You hear a shout!
An orc comes into view. It is wielding a +0 hand axe.
Found a stone staircase leading down. 2 orcs come into view.
Found an escape hatch in the floor.
The orc shouts!
An adder and a kobold come into view.
The orc shouts!
The adder hisses angrily.
A goblin comes into view. It is wielding a +0 dagger.
The orc completely misses you. The orc attacks as it pursues you!
The orc barely misses you. x2
The orc hits you but does no damage. The orc barely misses you.
The adder misses you. The adder bites you. The adder closely misses you.
The goblin hits you with a +0 dagger.
The kobold hits you with a +0 short sword.
Found 6 stones.
The goblin closely misses you. The orc barely misses you.
There is an escape hatch in the floor here.
The goblin barely misses you. The orc hits you with a +0 hand axe.
You die...

#.# #.# #.# #.# #.# #.#
##############.#####.#
...........##.....##.#
..^..........<.##.##.#
.......So...#.#<..##.####
......Kgoo.r.....r......g
........@o.##........####
...........###########
...........# .
............. #
#########.#... #.#.(...
.# .... . .# .... .


You could see an adder, 4 orcs, a quokka, a goblin and a kobold.

Vanquished Creatures
  A bat (D:1)
1 creature vanquished.

Notes
Turn   | Place    | Note
-------+----------+-------------------------------------------
     0 | D:1      | Bravepunisher the Spriggan Monk began the quest for the
                  | Orb.
     0 | D:1      | Reached XP level 1. HP: 11/11 MP: 2/2
    72 | D:1      | You fall into a shaft and drop 1 floor!
    85 | D:3      | Noticed Ijyb
   118 | D:3      | Slain by an orc

Illustrated notes

Levels and vault maps discovered:
D:1:      zelgadis_glass_arrival_small, layout_basic
D:2:      layout_loops_cross, serial_shops, nicolae_shop_back_alley_shop,
          ebering_ecumenical_altar_hall
D:3:      layout_basic, uniq_ijyb, uniq_grinder, uniq_jessica

Action                     || total
---------------------------++-------
  Melee: Short sword       ||     2
 Armour: Robe              ||     8
  Dodge: Dodged            ||    14

Table legend: (Time is in decaauts)
 A = Elapsed time spent in this place.
 B = Non-inter-level travel time spent in this place.
 C = Inter-level travel time spent in this place.
 D = Time resting spent in this place.
 E = Time spent auto-exploring this place.
 F = Levels seen in this place.
 G = Mean time per level.
                   A        B        C        D        E       F      G
               +--------+--------+--------+--------+--------+-----+--------+
         Total |     74 |     74 |      0 |      0 |     35 |   3 |   24.7 |
       Dungeon |     74 |     74 |      0 |      0 |     35 |   3 |   24.7 |
               +--------+--------+--------+--------+--------+-----+--------+

Top non-repeatable levels by time:
     D:1: 46 daAuts
     D:3: 19 daAuts
     D:2: 8 daAuts
